cohdb
Replays
Latest Replays
All Replays
Popular Replays
Top Player Replays
Match Explorer
How It Works
Community
CoH3 Stats
Reddit
Sign in to upload your games and track your stats! →
Sign in with Steam
Match 47025489
Unlisted
Match 47025489
Overview
Messages
Build Orders
End
Panzergrenadier Squad
Selects Armored Support Battlegroup
250 Light Carrier
Panzergrenadier Squad
Construct Light Support Kompanie
Selects Superior Fire Drills
Fire Support Elements
Combat Half-tracks
Selects Vehicle Awareness
Vehicle Awareness
Flakvierling Half-track
Pak 38 Anti-tank Gun Team
2.5-tonne Medical Truck
MG34 Team
Vehicle Awareness
Selects Panzer Storm
Vehicle Survival Package
Pak 38 Anti-tank Gun Team
Construct Panzerarmee Kommand
Vehicle Awareness
Panzer III L Medium Tank
Selects Flammpanzer III Medium Tank
Selects Stuka Dive Bomb
ChickenBrothSoup
combat0001
Vergil
crywo1f
9BLOOD6R4V3N9
[Legio I Germanica] -=]bUc$[=-
0
0
Comments
sign in to comment!
No comments posted yet!